 Dungeon Sprint DCSS version 0.29-a0-459-g97dee8cd24 (webtiles) character file.

Game seed: 12502784569990012970

132694 mhtbhm the Axe Maniac (level 15, -7/261 HPs)
             Began as a Minotaur Berserker on May 20, 2022.
             Was the Champion of Trog.
             Shot with an arrow by a centaur warrior (15 damage)
             ... in the Dungeon (Sprint III: "The Ten Rune Challenge").
             The game lasted 00:17:16 (11984 turns).

mhtbhm the Axe Maniac (Minotaur Berserker)         Turns: 11984, Time: 00:17:16

Health: -7/261     AC: 24    Str: 32    XL:     15   Next: 92%
Magic:  1/14       EV: 19    Int:  1    God:    Trog [******]
Gold:   1277       SH:  0    Dex: 10    Spells: 14/14 levels left

rFire   + + .      SeeInvis .   a - +9 executioner's axe of Lies {flame, rPois Stlth+}
rCold   . . .      Faith    .   (shield currently unavailable)
rNeg    . . .      Spirit   .   b - +2 scale mail {rF+}
rPois   +          Reflect  .   (helmet restricted)
rElec   .          Harm     .   w - +2 cloak {rPois}
rCorr   .          Rampage  .   u - +0 pair of gloves {infuse}
Will    ++++.      Rage     50% M - +0 pair of boots
Stlth   .......... NoTele   +   A - necklace of Bloodlust {*Rage Will++ Int-3 Slay+6}
HPRegen 0.53/turn               x - ring of flight
MPRegen 0.14/turn               N - ring "Capiesysuch" {+Blink rF+ Will+ Str+3}

@: berserking, flying, studying 2 skills, very quick
A: horns 2, retaliatory headbutt
}: 2/10 runes: serpentine, barnacled
a: Renounce Religion, Evoke Blink, Berserk, Trog's Hand, Brothers in Arms


You were in the Dungeon.
You worshipped Trog.
Trog was exalted by your worship.
You visited 1 branch You collected 3369 gold pieces.
You spent 2092 gold pieces at shops.

Inventory:

Hand Weapons
 a - the +9 executioner's axe of Lies (weapon) {flame, rPois Stlth+}
   (Trog gifted it to you in the Dungeon)

   It burns those it strikes, dealing additional fire damage.
   Big, fiery blades are also staple armaments of hydra-hunters.
   rPois:     It protects you from poison.
   Stlth:     It makes you more stealthy.
 s - a +3 vorpal war axe
Missiles
 t - 7 javelins (quivered)
 v - 7 curare-tipped darts
Armour
 b - a +2 scale mail of fire resistance (worn)
 u - a +0 pair of gloves of infusion (worn)
 w - a +2 cloak of poison resistance (worn)
 C - a +2 tower shield of reflection
 J - the +0 cloak of Tender Moments {rCorr Str+4 Int-2 Dex+3}
   (You bought it in a shop in the Dungeon)

   Str:       It affects your strength (+4).
   Int:       It affects your intelligence (-2).
   Dex:       It affects your dexterity (+3).
   rCorr:     It protects you from acid and corrosion.
 M - a +0 pair of boots (worn)
Jewellery
 q - an amulet of reflection
 x - a ring of flight (left hand)
 A - the necklace of Bloodlust (around neck) {*Rage Will++ Int-3 Slay+6}
   (You found it in the Dungeon)

   [amulet of nothing]

   It extends the wearer's berserk rage when killing foes.
   Int:       It affects your intelligence (-3).
   Slay:      It affects your accuracy & damage with ranged weapons and melee
   (+6).
   *Rage:     It berserks you when you make melee attacks (+50% chance).
   Will:      It greatly increases your willpower.
 F - an amulet of faith
 N - the ring "Capiesysuch" (right hand) {+Blink rF+ Will+ Str+3}
   (You bought it in a shop in the Dungeon)

   [ring of willpower]

   Str:       It affects your strength (+3).
   rF:        It protects you from fire.
   +Blink:    It lets you blink.
   Will:      It increases your willpower.
 O - the amulet "Mafisuj" {rPois Regen+ Str-5 Int+5 Stlth+}
   (You took it off a deep elf demonologist in the Dungeon)

   [amulet of regeneration]

   Str:       It affects your strength (-5).
   Int:       It affects your intelligence (+5).
   rPois:     It protects you from poison.
   Regen:     It increases your rate of health regeneration.
   Stlth:     It makes you more stealthy.
 Q - a ring of ice
 T - the ring "Eloaro" {EV+4 Dex+2}
   (You found it in the Dungeon)

   [ring of evasion]

   EV:        It affects your evasion (+4).
   Dex:       It affects your dexterity (+2).
 U - a ring of protection from fire
Wands
 e - a wand of digging (2)
 o - a wand of iceblast (5)
 y - a wand of paralysis (8)
 z - a wand of charming (7)
 I - a wand of acid (8)
 S - a wand of mindburst (6)
Scrolls
 h - 3 scrolls of blinking
 j - a scroll of immolation
 k - a scroll of identify
 m - 3 scrolls of poison
 B - a scroll of brand weapon
 D - a scroll of vulnerability
 E - a scroll of acquirement
 L - 3 scrolls of amnesia
 P - 5 scrolls of silence
 R - a scroll of enchant weapon
Potions
 c - 5 potions of curing
 d - 4 potions of heal wounds
 f - 2 potions of magic
 g - a potion of berserk rage
 i - a potion of attraction
 l - 3 potions of flight
 n - 5 potions of mutation
 p - a potion of might
 G - a potion of resistance
Miscellaneous
 r - a phial of floods
 K - a tin of tremorstones (2/2)


   Skills:
 O Level 27 Fighting
 O Level 27 Axes
 + Level 7.1 Throwing
 O Level 27 Armour
 + Level 23.4 Dodging
 + Level 16.5 Stealth
 + Level 5.2 Shields
 + Level 6.5 Evocations


You had 14 spell levels left.
You didn't know any spells.
Your spell library was empty.

Dungeon Overview and Level Annotations

Branches:
Dungeon (1/1)

Altars:
Cheibriados
Dithmenos
Elyvilon
Fedhas
Gozag
Hepliaklqana
Kikubaaqudgha
Makhleb
Nemelex Xobeh
Okawaru
Qazlal
Ru
Sif Muna
Trog
Uskayaw
Vehumet
Wu Jian
Xom
Yredelemnul
Zin
The Shining One
Beogh
Jiyva
Lugonu

Shops:
D ?:[*(?=[!![!=[?:!*?((!!


Innate Abilities, Weirdness & Mutations

You have a pair of horns on your head.
You reflexively headbutt those who attack you in melee.


Message History

You slash the skeletal warrior! You burn the skeletal warrior.
The necklace of Bloodlust glows a violent red.
You destroy the skeletal warrior!
Trog accepts your kill.
You slash the titan! You burn the titan. The vault guard misses you.
The skeletal warrior closely misses you.
The vault guard hits you but does no damage.
The titan hits you.
* * * LOW HITPOINT WARNING * * *
The vault guard hits you from afar with a +1 vorpal spear!
* * * LOW HITPOINT WARNING * * *
x2 Your Throwing skill increases to level 7!
Your Dodging skill increases to level 23!
You carve the titan like a ham!!! You burn the titan!
The necklace of Bloodlust glows a violent red.
You kill the titan!
Trog accepts your kill.
Trog appreciates your killing of a magic user.
You slash the vault guard! You burn the vault guard.
The vault guard blocks your attack.
You hit the vault guard. You burn the vault guard.
You headbutt the vault guard!
The vault guard is severely wounded.
You slice the vault guard!! You burn the vault guard!
The vault guard completely misses you.
The vault guard hits you but does no damage.
The vault guard hits you with a +0 short sword of electrocution!
* * * LOW HITPOINT WARNING * * *
You are electrocuted!
* * * LOW HITPOINT WARNING * * *
The vault guard closely misses you. The vault guard misses you.
The skeletal warrior hits you but does no damage.
The centaur warrior shoots an arrow.
The arrow hits you.
* * * LOW HITPOINT WARNING * * *
Items here: ))) [[[[[[ ††.
You feel a strong urge to attack something.
The vault guard hits you but does no damage. x2
There is an open door, spattered with blood here.
The centaur warrior shoots an arrow.
The arrow hits you!
You die...

###***################
.|#*,,φ.....zpp'@≈≈≈≈#
#.#*,,)....p)c)#≈≈≈≈≈#
#|#*,,=.....ppp#.≈≈≈≈#
#=#*,,=.......p#.≈≈≈.#
:[#*,,|..b.....#≈≈≈≈≈#
###*,,.........#.≈...#
#***,,}b.......#.....#
#,**,,[........#.....#
#**#################§#


You could see 5 vault guards, a skeletal warrior and a centaur warrior.

Vanquished Creatures
  Sojobo (D)
  Boris (D)
  2 bone dragons (D)
  A lich (D)
  Rupert (D)
  A deep elf blademaster (D)
  2 quicksilver dragons (D)
  2 titans (D)
  A kraken (D)
  2 sphinxes (D)
  An Executioner (D)
  Chuck (D)
  Harold (D)
  Roxanne (D)
  3 shadow dragons (D)
  4 azure jellies (D)
  Gastronok (D)
  A nagaraja (D)
  A frost giant (D)
  A draconian knight (D)
  2 stone giants (D)
  A deep elf demonologist (D)
  2 dire elephants (D)
  3 vampire knights (D)
  2 deep elf annihilators (D)
  Azrael (D)
  A deep elf death mage (D)
  Josephine (D)
  A fire dragon (D)
  2 yaktaur captains (D)
  A deep elf high priest (D)
  2 hydras (D)
  An ogre mage (D)
  2 hell beasts (D)
  9 vault guards (D)
  2 anacondas (D)
  2 centaur warriors (D)
  An alligator snapping turtle (D)
  A naga warrior (D)
  4 dancing weapons (D)
  4 death yaks (D)
  2 soul eaters (D)
  4 orc high priests (D)
  Urug (D)
  2 sun demons (D)
  4 deep elf knights (D)
  5 skeletal warriors (D)
  An anaconda zombie (D)
  A death drake (D)
  2 golden dragon zombies (D)
  An orb spider (shapeshifter) (D)
  A spriggan druid (D)
  2 spectral iron dragons (D)
  A swamp dragon (shapeshifter) (D)
  An obsidian statue (D)
  An orange crystal statue (D)
  A lindwurm (D)
  2 orc knights (D)
  Joseph (D)
  2 deep elf pyromancers (D)
  3 deep elf zephyrmancers (D)
  2 oklob plants (D)
  4 crystal guardians (D)
  5 ugly things (D)
  A guardian serpent (D)
  2 elephants (D)
  A stone giant skeleton (D)
  2 cane toads (D)
  7 black mambas (D)
  3 yaktaurs (D)
  An unseen horror (D)
  A komodo dragon (D)
  A rime drake (D)
  3 guardian mummies (D)
  2 ice devils (D)
  A queen bee (D)
  4 spriggan defenders (D)
  A merfolk (shapeshifter) (D)
  2 tyrant leeches (D)
  4 statues (D)
  6 slime creatures (D)
  3 hornets (D)
  8 blink frogs (D)
  5 snapping turtles (D)
  2 spriggans (D)
  A shadow (D)
  3 redbacks (D)
  A spatial vortex (D)
  3 wandering mushrooms (D)
  2 nagas (D)
  4 water moccasins (D)
  2 iron troll simulacra (D)
  A floating eye (D)
  A swamp drake (D)
  3 orc warriors (D)
  A fire dragon simulacrum (D)
  2 black mamba simulacra (D)
  2 centaurs (D)
  An earth elemental (D)
  A water elemental (D)
  A necrophage (D)
  32 killer bees (D)
  An electric eel (D)
  A jelly (D)
  3 orc priests (D)
  Jessica (D)
  A wizard (D)
  4 necromancers (D)
  5 orc wizards (D)
  A wolf simulacrum (D)
  3 humans (D)
  A kobold demonologist (D)
  A wolf (D)
  2 adders (D)
  An adder simulacrum (D)
  7 orcs (D)
  A bat zombie (D)
  2 endoplasms (D)
  A ball python zombie (D)
  A quokka simulacrum (D)
  A rat (D)
  3 butterflies (D)
  4 plants (D)
  4 tentacles (D)
293 creatures vanquished.

Vanquished Creatures (others)
  A bush (D)
  19 plants (D)
  4 tentacles (D)
24 creatures vanquished.

Grand Total: 317 creatures vanquished

Notes
Turn   | Place    | Note
-------+----------+-------------------------------------------
     0 | D        | mhtbhm the Minotaur Berserker began the quest for the Orb.
     0 | D        | Reached XP level 1. HP: 19/19 MP: 0/0
    58 | D        | Noticed Jessica
    60 | D        | Reached ** piety under Trog
    63 | D        | Killed Jessica
    64 | D        | Reached skill level 5 in Fighting
    64 | D        | Reached skill level 5 in Axes
    64 | D        | Reached XP level 2. HP: 30/30 MP: 1/1
    64 | D        | Reached XP level 3. HP: 37/37 MP: 2/2
   449 | D        | Noticed a water elemental
   455 | D        | Killed a water elemental
   455 | D        | Reached *** piety under Trog
   456 | D        | Reached XP level 4. HP: 43/48 MP: 3/3
   566 | D        | Found a basalt altar of Yredelemnul.
   566 | D        | Found a shadowy altar of Dithmenos.
   566 | D        | Found a sacrificial altar of Ru.
   566 | D        | Noticed a necrophage
   571 | D        | Reached XP level 5. HP: 55/55 MP: 4/4
   605 | D        | Found a radiant altar of Vehumet.
   605 | D        | Found a shimmering blue altar of Sif Muna.
   605 | D        | Found an ancient bone altar of Kikubaaqudgha.
   607 | D        | Reached **** piety under Trog
   608 | D        | Reached skill level 10 in Axes
   747 | D        | Found a hide-covered altar of Uskayaw.
   747 | D        | Found an iron altar of Okawaru.
   747 | D        | Found a bloodstained altar of Trog.
   747 | D        | Found an ornate altar of the Wu Jian Council.
   747 | D        | Noticed a human
   747 | D        | Noticed a human
   748 | D        | Found a glowing silver altar of Zin.
   748 | D        | Found a glowing golden altar of the Shining One.
   748 | D        | Found a white marble altar of Elyvilon.
   748 | D        | Noticed a deep elf pyromancer
   752 | D        | Killed a human
   753 | D        | Reached skill level 10 in Fighting
   753 | D        | Reached skill level 5 in Armour
   753 | D        | Reached skill level 5 in Dodging
   753 | D        | Reached XP level 6. HP: 67/67 MP: 5/5
   754 | D        | Noticed a fire elemental
   754 | D        | Noticed a fire elemental
   756 | D        | Killed a deep elf pyromancer
   757 | D        | Reached skill level 1 in Stealth
   757 | D        | Reached XP level 7. HP: 78/78 MP: 6/6
   763 | D        | Killed a human
   763 | D        | Reached ***** piety under Trog
   924 | D        | Noticed a shadow
   933 | D        | Killed a shadow
   934 | D        | Reached XP level 8. HP: 45/86 MP: 7/7
  1020 | D        | Found a blossoming altar of Fedhas.
  1020 | D        | Found a stormy altar of Qazlal.
  1020 | D        | Found a snail-covered altar of Cheibriados.
  1020 | D        | Found a burning altar of Makhleb.
  1020 | D        | Found a shimmering altar of Xom.
  1029 | D        | Found a hazy altar of Hepliaklqana.
  1029 | D        | Found an opulent altar of Gozag.
  1029 | D        | Found a sparkling altar of Nemelex Xobeh.
  1029 | D        | Found a corrupted altar of Lugonu.
  1029 | D        | Found a viscous altar of Jiyva.
  1135 | D        | Noticed Josephine
  1151 | D        | Killed Josephine
  1151 | D        | Received a gift from Trog
  1152 | D        | Reached skill level 15 in Axes
  1404 | D        | Reached XP level 9. HP: 38/96 MP: 8/8
  1630 | D        | Noticed a centaur warrior
  1638 | D        | Killed a centaur warrior
  1639 | D        | Reached skill level 15 in Fighting
  1874 | D        | Killed an unseen horror
  2052 | D        | Noticed a wandering mushroom
  2056 | D        | Noticed a wandering mushroom
  2058 | D        | Noticed a wandering mushroom
  2076 | D        | Reached skill level 1 in Evocations
  2155 | D        | Reached ****** piety under Trog
  2235 | D        | Noticed a cane toad
  2235 | D        | Noticed a komodo dragon
  2235 | D        | Noticed a cane toad
  2240 | D        | Killed a cane toad
  2240 | D        | Received a gift from Trog
  2241 | D        | Reached skill level 10 in Dodging
  2244 | D        | Killed a cane toad
  2245 | D        | Reached XP level 10. HP: 108/108 MP: 9/9
  2526 | D        | Noticed a lindwurm
  2532 | D        | Killed a lindwurm
  2532 | D        | Received a gift from Trog
  2722 | D        | Noticed Urug
  2727 | D        | Killed Urug
  2933 | D        | Reached skill level 5 in Stealth
  3323 | D        | Received a gift from Trog
  3433 | D        | Found Xautu's Assorted Antiques.
  3434 | D        | Noticed an orc high priest
  3435 | D        | Noticed a smoke demon
  3446 | D        | Received a gift from Trog
  3448 | D        | Reached XP level 11. HP: 121/121 MP: 10/10
  3453 | D        | Killed an orc high priest
  3453 | D        | Received a gift from Trog
  3625 | D        | Bought a pair of embroidered gloves for 225 gold pieces
  3644 | D        | Noticed a deep elf zephyrmancer
  3644 | D        | Noticed a deep elf knight
  3644 | D        | Noticed a deep elf zephyrmancer
  3644 | D        | Noticed a deep elf pyromancer
  3644 | D        | Noticed a deep elf knight
  3652 | D        | Killed a deep elf knight
  3654 | D        | Killed a deep elf zephyrmancer
  3658 | D        | Killed a deep elf pyromancer
  3658 | D        | Received a gift from Trog
  3660 | D        | Killed a deep elf zephyrmancer
  3666 | D        | Killed a deep elf knight
  3789 | D        | Noticed a deep elf annihilator
  3840 | D        | Noticed Harold
  3840 | D        | Noticed Joseph
  3844 | D        | Killed Harold
  3852 | D        | Killed Joseph
  3853 | D        | Reached skill level 10 in Armour
  3953 | D        | Noticed a sun demon
  3961 | D        | Received a gift from Trog
  4252 | D        | Noticed an orange crystal statue
  4316 | D        | Lost intelligence.
  4323 | D        | Killed an orange crystal statue
  4451 | D        | Found Xegexipn's Distillery.
  4451 | D        | Found Zaxus's Magic Scroll Shop.
  4451 | D        | Found Oteet's Distillery.
  4451 | D        | Found Ajyrep Biekk's Book Boutique.
  4451 | D        | Found Yremunim's Assorted Antiques.
  4451 | D        | Found Buriroaw's Distillery.
  4451 | D        | Found Waqomoma's Antique Weapon Emporium.
  4451 | D        | Found Viubenn's Weapon Boutique.
  4452 | D        | Found Azosogiw's Magic Scroll Boutique.
  4452 | D        | Found Micy's Antique Armour Shoppe.
  4452 | D        | Found Noydiq's Jewellery Shop.
  4489 | D        | Bought a runed cloak for 202 gold pieces
  4496 | D        | Bought an amulet of reflection for 330 gold pieces
  4501 | D        | Bought a ring of flight for 192 gold pieces
  4506 | D        | Bought a scroll of identify for 24 gold pieces
  4543 | D        | Identified the +9 executioner's axe of Lies {flame, rPois
                  | Stlth+} (Trog gifted it to you in the Dungeon)
  4543 | D        | Received a gift from Trog
  4895 | D        | Noticed a brown ugly thing
  4896 | D        | Noticed a brown ugly thing
  4902 | D        | Killed a brown ugly thing
  4903 | D        | Reached skill level 1 in Shields
  4905 | D        | Killed a brown ugly thing
  5069 | D        | Noticed a centaur warrior
  5073 | D        | Killed a centaur warrior
  5074 | D        | Reached XP level 12. HP: 114/136 MP: 9/11
  5091 | D        | Noticed a fire dragon
  5098 | D        | Killed a fire dragon
  5301 | D        | Received a gift from Trog
  5550 | D        | Noticed a yaktaur captain
  5582 | D        | Killed a yaktaur captain
  5787 | D        | Received a gift from Trog
  5888 | D        | Found the necklace of Bloodlust {*Rage Will++ Int-3 Slay+6}
  5888 | D        | Noticed Chuck
  5906 | D        | Killed Chuck
  6412 | D        | Noticed Sojobo
  6421 | D        | Killed Sojobo
  6422 | D        | Reached skill level 15 in Armour
  6540 | D        | Received a gift from Trog
  6644 | D        | Noticed a lich
  6647 | D        | Killed a lich
  6688 | D        | Noticed a shadow dragon
  6688 | D        | Noticed an ogre mage
  6688 | D        | Noticed a shadow dragon
  6694 | D        | Reached XP level 13. HP: 63/132 MP: 5/12
  6696 | D        | Killed a shadow dragon
  6696 | D        | Killed a shadow dragon
  6696 | D        | Received a gift from Trog
  7087 | D        | Noticed a bone dragon
  7095 | D        | Killed a bone dragon
  7204 | D        | Noticed a vampire knight
  7207 | D        | Killed a vampire knight
  7207 | D        | Received a gift from Trog
  7393 | D        | Reached skill level 5 in Shields
  7415 | D        | Noticed a bone dragon
  7419 | D        | Killed a bone dragon
  7553 | D        | Received a gift from Trog
  7775 | D        | Noticed a vampire knight
  7776 | D        | Killed a vampire knight
  7776 | D        | Received a gift from Trog
  7809 | D        | Noticed a vampire knight
  7812 | D        | Killed a vampire knight
  7817 | D        | Noticed a sphinx
  7819 | D        | Noticed a sphinx
  7820 | D        | Received a gift from Trog
  7825 | D        | Killed a sphinx
  7825 | D        | Killed a sphinx
  8057 | D        | Received a gift from Trog
  8186 | D        | Received a gift from Trog
  8187 | D        | Reached skill level 27 in Axes
  8326 | D        | Noticed Boris
  8337 | D        | Reached XP level 14. HP: 163/163 MP: 0/13
  8337 | D        | Killed Boris
  8342 | D        | Received a gift from Trog
  8498 | D        | Found Babroklu's Distillery.
  8498 | D        | Found Kiox's Armour Shop.
  8498 | D        | Found Veppozex's Distillery.
  8498 | D        | Found Lufeul's Distillery.
  8576 | D        | Noticed Roxanne
  8583 | D        | Killed Roxanne
  8601 | D        | Found Myfuej's Armour Boutique.
  8606 | D        | Reached skill level 27 in Fighting
  8741 | D        | Received a gift from Trog
  8880 | D        | Noticed a black draconian knight
  8885 | D        | Killed a black draconian knight
  8886 | D        | Received a gift from Trog
  8993 | D        | Noticed an Executioner
  8996 | D        | Killed an Executioner
  9080 | D        | Received a gift from Trog
  9088 | D        | Reached skill level 15 in Dodging
  9401 | D        | Noticed Azrael
  9404 | D        | Killed Azrael
  9491 | D        | Received a gift from Trog
  9496 | D        | Received a gift from Trog
  9502 | D        | Received a gift from Trog
  9668 | D        | Received a gift from Trog
  9856 | D        | Found a blossoming altar of Fedhas.
  9890 | D        | Reached skill level 1 in Throwing
  9935 | D        | Received a gift from Trog
 10556 | D        | Noticed a kraken
 10566 | D        | Killed a kraken
 10627 | D        | Received a gift from Trog
 10664 | D        | Found Myis's Jewellery Boutique.
 10664 | D        | Found Dejuy's Magic Scroll Shop.
 10664 | D        | Found Yblouw's Antique Weapon Emporium.
 10674 | D        | Got a barnacled rune of Zot
 10676 | D        | Bought a scroll of blinking for 97 gold pieces
 10678 | D        | Bought the ring "Capiesysuch" {+Blink rF+ Will+ Str+3} for
                  | 679 gold pieces
 10760 | D        | Noticed Gastronok
 10772 | D        | Received a gift from Trog
 10777 | D        | Killed Gastronok
 10778 | D        | Reached XP level 15. HP: 174/174 MP: 0/14
 10883 | D        | Noticed an azure jelly
 10883 | D        | Noticed an azure jelly
 10883 | D        | Noticed an azure jelly
 10884 | D        | Noticed an azure jelly
 10887 | D        | Noticed Rupert
 10892 | D        | Killed Rupert
 10997 | D        | Reached skill level 27 in Armour
 11002 | D        | Received a gift from Trog
 11014 | D        | Reached skill level 10 in Stealth
 11152 | D        | Received a gift from Trog
 11284 | D        | Noticed a nagaraja
 11286 | D        | Found Tolisuom's Magic Scroll Boutique.
 11286 | D        | Found Uxzinuku's Book Emporium.
 11289 | D        | Found Kappil's Antique Armour Shop.
 11292 | D        | Killed a nagaraja
 11292 | D        | Received a gift from Trog
 11302 | D        | Bought a transparent cloak for 313 gold pieces
 11302 | D        | Identified the +0 cloak of Tender Moments {rCorr Str+4
                  | Int-2 Dex+3} (You bought it in a shop in the Dungeon)
 11340 | D        | Got a serpentine rune of Zot
 11449 | D        | Killed an azure jelly
 11449 | D        | Received a gift from Trog
 11451 | D        | Killed an azure jelly
 11454 | D        | Killed an azure jelly
 11456 | D        | Killed an azure jelly
 11662 | D        | Identified the +3 trident "Kicrosuy" {vorpal, Dex+4}
 11666 | D        | Noticed a deep elf blademaster
 11666 | D        | Identified the amulet "Mafisuj" {rPois Regen+ Str-5 Int+5
                  | Stlth+}
 11676 | D        | Killed a deep elf blademaster
 11677 | D        | Reached skill level 5 in Throwing
 11678 | D        | Received a gift from Trog
 11688 | D        | Received a gift from Trog
 11738 | D        | Identified the ring "Eloaro" {EV+4 Dex+2}
 11792 | D        | Bought a scroll labelled NYMEOC OPO for 30 gold pieces
 11952 | D        | Noticed a quicksilver dragon
 11952 | D        | Noticed a titan
 11952 | D        | Noticed a shadow dragon
 11952 | D        | Noticed a quicksilver dragon
 11952 | D        | Noticed a titan
 11953 | D        | Noticed a frost giant
 11961 | D        | Identified the +9 broad axe "Jotal" {antimagic, rElec Str+4
                  | Dex+3} (Trog gifted it to you in the Dungeon)
 11961 | D        | Received a gift from Trog
 11965 | D        | Reached skill level 5 in Evocations
 11966 | D        | Killed a quicksilver dragon
 11968 | D        | Killed a quicksilver dragon
 11970 | D        | Reached skill level 15 in Stealth
 11973 | D        | Killed a shadow dragon
 11974 | D        | Killed a titan
 11974 | D        | Received a gift from Trog
 11976 | D        | Killed a frost giant
 11980 | D        | Killed a titan
 11981 | D        | HP: 8/261 [vault guard/+0 short sword of electrocution
                  | (14)]
 11984 | D        | Shot with an arrow by a centaur warrior

Illustrated notes

Levels and vault maps discovered:
D:        dungeon_sprint_mu [sprint_mu_entry_forest, sprint_mu_temple_rooms,
          sprint_mu_d1_horrors, sprint_mu_d2_genie, sprint_mu_d3_branching,
          sprint_mu_orc_legion, sprint_mu_elf_gauntlet, sprint_mu_hive_nellie,
          sprint_mu_lair_fedhas, sprint_mu_vaults_butterflies,
          sprint_mu_slime_circle, sprint_mu_shoals_kraken,
          sprint_mu_snake_twists, sprint_mu_blade_basic,
          sprint_mu_crypt_chambers, sprint_mu_tomb_spiral,
          sprint_mu_vestibule_basic, sprint_mu_gehenna_hellfire,
          sprint_mu_dis_giant, sprint_mu_tartarus_statrot,
          sprint_mu_cocytus_islands, sprint_mu_zot1]

Skill      XL: |  1  2  3  4  5  6  7  8  9 10 11 12 13 14 15 |
---------------+----------------------------------------------+-----
Fighting       | 5 7 8 10 12 13 14 16 18 21 23 25 27 | 27.0
Axes           | 5 8 11 13 14 15 18 19 21 24 27 | 27.0
Armour         | 3 4 5 6 7 12 16 19 26 27 | 27.0
Dodging        | 3 4 5 6 7 8 10 11 12 13 16 23 | 23.4
Stealth        | 1 2 3 5 6 7 9 16 | 16.5
Evocations     | 1 2 6 |  6.5
Shields        | 1 4 5 |  5.2
Throwing       | 2 7 |  7.1

Action                   |  1- 3 |  4- 6 |  7- 9 | 10-12 | 13-15 || total
-------------------------+-------+-------+-------+-------+-------++-------
Melee: Hand axe          |    31 |    27 |    36 |       |       ||    94
       Headbutt          |     2 |     6 |    13 |    50 |    70 ||   141
       War axe           |       |       |    42 |    63 |       ||   105
       Broad axe         |       |       |       |    74 |       ||    74
       Executioner's axe |       |       |       |    85 |   298 ||   383
       Punch             |       |       |       |     1 |       ||     1
Throw: Javelin           |       |       |       |       |     2 ||     2
Invok: Berserk           |     2 |     1 |     1 |     7 |     5 ||    16
Evoke: Wand              |       |       |     2 |       |     1 ||     3
       Tin of tremorston |       |       |       |       |     2 ||     2
  Use: Potion            |     1 |       |       |     1 |       ||     2
       Scroll            |       |       |       |       |    13 ||    13
 Stab: Sleeping          |       |       |       |     3 |     3 ||     6
Armor: Animal skin       |     2 |     1 |     8 |     1 |       ||    12
       Chain mail        |       |       |       |    55 |   131 ||   186
       Scale mail        |       |       |       |       |    20 ||    20
Dodge: Dodged            |    16 |    17 |    39 |    77 |   169 ||   318
Block: Other             |       |       |       |    13 |       ||    13
       Reflection        |       |       |       |     1 |       ||     1

Table legend: (Time is in decaauts) A = Elapsed time spent in this place. B = Non-inter-level travel time spent in this place. C = Inter-level travel time spent in this place. D = Time resting spent in this place. E = Time spent auto-exploring this place. F = Levels seen in this place. G = Mean time per level. A B C D E F G +--------+--------+--------+--------+--------+-----+--------+ Total | 12448 | 12138 | 310 | 9209 | 13 | 1 | 12448.0 | Dungeon | 12448 | 12138 | 310 | 9209 | 13 | 1 | 12448.0 | +--------+--------+--------+--------+--------+-----+--------+

Top non-repeatable levels by time:
       D: 12448 daAuts
